 Dungeon Crawl Stone Soup version 0.31-a0-986-g5e6e4ef867 (webtiles) character file.

Game seed: 13416155807162967470

41 avis the Caller (level 3, 14/14 HPs)
             Began as a Felid Summoner on Nov 12, 2023.
             Got out of the dungeon alive.
             The game lasted 00:07:30 (1012 turns).

avis the Caller (Felid Summoner)                    Turns: 1012, Time: 00:07:30

Health: 14/14      AC:  1    Str:  4    XL:     3   Next: 32%
Magic:  8/8        EV: 17    Int: 18    God:
Gold:   114        SH:  5    Dex: 16    Spells: 5/8 levels left
                                        Lives:  0   Deaths: 1

rFire   . . .        (weapon unavailable)
rCold   . . .        (shield unavailable)
rNeg    . . .        (body armour unavailable)
rPois   .            (helmet unavailable)
rElec   .            (cloak unavailable)
rCorr   .            (gloves unavailable)
SInv    +            (boots unavailable)
Will    .....        g - amulet of reflection
Stlth   ++           (no ring)
HPRegen 0.22/turn    (no ring)
MPRegen 0.11/turn

%: reflection
@: quick
A: very small, claws 1, fangs 3, see invisible, speed 1, shaggy fur 1, stealthy
paws, no weapons or thrown items, no armour, multi-lived
a: no special abilities


You escaped.
You visited 1 branch of the dungeon, and saw 2 of its levels.

You collected 114 gold pieces.

Inventory:

Jewellery
 g - an amulet of reflection (around neck)
Scrolls
 d - a scroll of amnesia {unknown}
 f - a scroll of identify {unknown}
 h - a scroll of fog {unknown}
 j - a scroll of poison {unknown}
Potions
 a - a potion of magic
 b - a potion of lignification {unknown}
 c - a potion of enlightenment {unknown}
 e - a potion of cancellation {unknown}
 i - a potion of might {unknown}


   Skills:
 - Level 2.6 Dodging
 - Level 2.6 Stealth
 * Level 3.1 Spellcasting
 + Level 4.4 Summonings


You had 5 spell levels left.
You knew the following spells:

 Your Spells              Type           Power      Damage    Failure   Level
a - Summon Small Mammal   Summ           72%        N/A       2%          1
c - Call Imp              Summ           36%        N/A       4%          2

Your spell library contained the following spells:

 Spells                   Type           Power      Damage    Failure   Level
 Call Canine Familiar     Summ           18%        N/A       8%          3
 Summon Guardian Golem    Hex/Summ       10%        N/A       21%         3
 Ozocubu's Armour         Ice            2%         N/A       43%         3
 Summon Lightning Spire   Summ/Air       10%        N/A       54%         4
 Ozocubu's Refrigeration  Ice            1%         4d7       100%        7


Dungeon Overview and Level Annotations

Branches:
Dungeon (2/15)

Altars:


Innate Abilities, Weirdness & Mutations

You have sharp claws.
You have razor-sharp teeth.
You have supernaturally acute eyesight. (SInv)
You cover ground quickly. (Speed+)
You are covered in fur. (AC +1)
Your paws help you pounce on unaware monsters.
You are incapable of wielding weapons or throwing items.
You cannot wear armour.
You gain extra lives every three experience levels.


Message History

Your memorisation is interrupted.
Ouch! That really hurt!
* * * LOW HITPOINT WARNING * * *
Your cerulean imp hits the gnoll from afar with a -3 spear.
Casting: Summon Small Mammal (safe; 2% risk of failure)
Confirm with . or Enter, or press ? or * to list all spells.
Okay, then.
Adjust (i)tems, (s)pells, or (a)bilities?
Adjust which spell?
Okay, then.
Your quokka bites the gnoll but does no damage.
The gnoll hits you with a +0 spear.
You die...
You rejoin the land of the living...
A bat comes into view.
A bat is nearby!
The bat barely misses you.
You scratch the bat but do no damage. Your bite misses the bat.
You block the bat's attack.
You completely miss the bat. The bat closely misses you.
You barely miss the bat. The bat barely misses you. You block the bat's attack.
The bat hits you but does no damage.
You miss the bat. The bat closely misses you.
You scratch the bat.
The bat is moderately wounded.
You block the bat's attack. The bat barely misses you.
The bat attacks as it pursues you! The bat hits you but does no damage.
The bat hits you. The bat attacks as it pursues you!
The bat closely misses you. You block the bat's attack. The bat misses you.
The bat hits you but does no damage. The bat closely misses you.
Your cerulean imp hits the bat from afar with a -3 spear.
The bat dies!
There is an escape hatch in the ceiling here.
A mysterious force pulls you upwards. The hatch slams shut behind you.
There is a staircase leading out of the dungeon here.
You have escaped!

#.##....#.######......###..#
#.#####.#.###....#....#.##..
#####.#####.......#######.##.#..
##..................# #.†##...
#......##########.#.# #####..†..#
..###############.#.###........#.
#.####P#P#P#P#P###......###....##
#.#..............#...#### ####..#
#.#.#.......PP..@##..## ##..
#................##...# ###
.....#P#P#P#P#P########
.....########### ..............#
......>....(..# ..............#
..............# .............##


There were no monsters in sight!

Vanquished Creatures
  A quokka (D:1)
1 creature vanquished.

Vanquished Creatures (collateral kills)
  An adder (D:2)
  A gnoll (D:2)
  A ball python (D:1)
  3 endoplasms (D:1)
  A giant cockroach (D:1)
  2 goblins (D:1)
  3 hobgoblins
  2 bats
  A frilled lizard (D:1)
  A kobold (D:1)
  5 rats
21 creatures vanquished.

Grand Total: 22 creatures vanquished

Notes
Turn   | Place    | Note
-------+----------+-------------------------------------------
     0 | D:1      | avis the Felid Summoner began the quest for the Orb.
     0 | D:1      | Reached XP level 1. HP: 7/7 MP: 4/4
   217 | D:1      | Reached XP level 2. HP: 11/11 MP: 4/6
   282 | D:1      | Learned a level 2 spell: Call Imp
   841 | D:2      | Reached XP level 3. HP: 14/14 MP: 4/8
   940 | D:2      | Slain by a gnoll
  1012 | D:$      | Got out of the dungeon alive.

Illustrated notes

Levels and vault maps discovered:
D:1:      minmay_arrival_plants_in_alcoves, layout_rooms, st_stairs_2,
          minmay_misc_feat_alley, minmay_bisected
D:2:      layout_basic

Skill      XL: |  1  2 |
---------------+-------+-----
Spellcasting   | 3 |  3.1
Dodging        | |  2.6
Stealth        | |  2.6
Summonings     | |  4.4

Action                     || total
---------------------------++-------
  Melee: Unarmed           ||    10
         Bite              ||     2
   Cast: Summon Small Mamm ||    21
         Call Imp          ||     8
   Stab: Sleeping          ||     1
 Armour: Skin              ||     8
  Dodge: Dodged            ||    15
  Block: Other             ||     4

Table legend: (Time is in decaauts)
 A = Elapsed time spent in this place.
 B = Non-inter-level travel time spent in this place.
 C = Inter-level travel time spent in this place.
 D = Time resting spent in this place.
 E = Time spent auto-exploring this place.
 F = Levels seen in this place.
 G = Mean time per level.
                   A        B        C        D        E       F      G
               +--------+--------+--------+--------+--------+-----+--------+
         Total |    881 |    793 |     88 |    173 |    328 |   2 |  440.5 |
       Dungeon |    881 |    793 |     88 |    173 |    328 |   2 |  440.5 |
               +--------+--------+--------+--------+--------+-----+--------+

Top non-repeatable levels by time:
     D:1: 697 daAuts
     D:2: 184 daAuts
